[Event "Team 45 45 League T65"]
[Site "Internet Chess Club"]
[Date "2015.06.21"]
[Round "3"]
[White "artspir"]
[Black "WilmaP"]
[Result "1-0"]
[WhiteElo "1259"]
[BlackElo "1198"]
[Opening "Queen's pawn game"]
[ECO "D02"]
[Time "13:00:31"]
[TimeControl "2700+45"]

1. d4 d5 2. Nf3 f6 3. Bf4 Bf5 4. Nbd2 Nd7 5. e3 e6 6. Be2 Ne7 7. O-O Ng6 8. Bg3
e5 9. c4 c6 10. Nh4 Nxh4 11. Bxh4 Qb6 12. Qb3 Qc7 13. Bg3 Bd6 14. Rac1 c5 15.
cxd5 O-O 16. Nc4 Be7 17. Rfd1 b6 18. dxe5 Nxe5 19. d6 Bxd6 20. Nxe5+ Kh8 21.
Rxd6 Qxd6 22. Nf7+ Rxf7 23. Bxd6 Rd7 24. Bf4 Rad8 25. h3 Rd2 26. Re1 h5 27. Qf7
g6 28. Qxf6+ Kg8 29. Bc4+ R8d5 30. Bxd5+ Rxd5 31. e4 Bxe4 32. Rxe4 Rd1+ 33. Kh2
Rd7 34. Re8+ Kh7 35. Qh8# {Black checkmated} 1-0

[Event "Team 45 45 League T65"]
[Site "Internet Chess Club"]
[Date "2015.06.20"]
[Round "3"]
[White "WzeroMN"]
[Black "RobertBuice"]
[Result "0-1"]
[WhiteElo "1133"]
[BlackElo "1158"]
[Opening "Ruy Lopez: Berlin defense"]
[ECO "C65"]
[Time "14:29:51"]
[TimeControl "2700+45"]

1. e4 e5 2. Nf3 Nc6 3. Bb5 Nf6 4. d3 Bc5 5. Bxc6 bxc6 6. Nxe5 O-O 7. Bg5 Qe7 8.
Nf3 h6 9. Bxf6 Qxf6 10. O-O Qxb2 11. Nbd2 Qc3 12. Rb1 Ba6 13. Rb3 Qa5 14. Qb1
Bb5 15. c4 Ba4 16. Rb2 a6 17. Nb3 Bxb3 18. axb3 Qb4 19. Qe1 Qxe1 20. Rxe1 a5 21.
Ne5 Bd4 22. Nxd7 Bxb2 23. Nxf8 Kxf8 24. e5 Ke7 25. f4 a4 26. bxa4 Rxa4 27. Rb1
Bd4+ 28. Kf1 Ra2 29. h3 Ke6 30. Rb8 Rf2+ 31. Kg1 Rxf4+ 32. Kh2 Bxe5 33. Re8+ Kf6
34. Rxe5 Kxe5 35. Kg3 Rd4 36. c5 Rxd3+ 37. Kf2 Ke4 38. Ke2 Rc3 39. g4 Rc2+ 40.
Kd1 Rh2 41. g5 Kd3 42. Ke1 Ke3 43. Kd1 hxg5 44. h4 gxh4 45. Kc1 Kd3 46. Kb1 Kc3
{White resigns} 0-1

[Event "Team 45 45 League T65"]
[Site "Internet Chess Club"]
[Date "2015.06.20"]
[Round "3"]
[White "ElMarginal"]
[Black "SugarIslander"]
[Result "1-0"]
[WhiteElo "1638"]
[BlackElo "1577"]
[Opening "Dunst (Sleipner, Heinrichsen) opening"]
[ECO "D00"]
[Time "18:14:56"]
[TimeControl "2700+45"]

1. Nc3 Nf6 2. d4 d5 3. Bf4 c6 4. Nf3 e6 5. e3 Bd6 6. Bxd6 Qxd6 7. Bd3 Nbd7 8.
O-O O-O 9. h3 Qc7 10. Qd2 e5 11. Be2 Re8 12. a4 e4 13. Nh4 Nf8 14. f4 exf3 15.
Rxf3 Qe7 16. Raf1 Ne4 17. Nxe4 Qxe4 18. Qe1 Qxc2 19. Rxf7 Ng6 20. Bh5 Be6 21.
Bxg6 hxg6 22. Rxb7 Rab8 23. Rxa7 Rxb2 24. Qg3 Qe4 25. Nxg6 Qxe3+ 26. Qxe3 {Black
resigns} 1-0

[Event "Team 45 45 League T65"]
[Site "Internet Chess Club"]
[Date "2015.06.22"]
[Round "3"]
[White "sdcohle"]
[Black "gokuxxx"]
[Result "1/2-1/2"]
[WhiteElo "1413"]
[BlackElo "1517"]
[Opening "Neo-Indian (Seirawan) attack"]
[ECO "E00"]
[Time "21:00:26"]
[TimeControl "2700+45"]

1. d4 Nf6 2. c4 e6 3. Bg5 h6 4. Bxf6 Qxf6 5. Nf3 Nc6 6. e3 e5 7. Nc3 Bb4 8. a3
Bxc3+ 9. bxc3 O-O 10. Bd3 d6 11. O-O Bf5 12. e4 Bg4 13. Be2 Bxf3 14. Bxf3 exd4
15. Rc1 Rfe8 16. g3 dxc3 17. Bg2 Nd4 {Game drawn by mutual agreement} 1/2-1/2

[Event "Team 45 45 League T65"]
[Site "Internet Chess Club"]
[Date "2015.06.19"]
[Round "3"]
[White "Egmont"]
[Black "JefferyChess"]
[Result "0-1"]
[WhiteElo "1761"]
[BlackElo "1745"]
[Opening "King's Indian: East Indian defense"]
[ECO "A48"]
[Time "13:00:15"]
[TimeControl "2700+45"]

1. d4 Nf6 2. Nf3 g6 3. e3 Bg7 4. Bd3 d5 5. Nbd2 O-O 6. O-O b6 7. c3 c5 8. dxc5
bxc5 9. e4 Nc6 10. exd5 Nxd5 11. Nc4 Be6 12. Re1 Nxc3 13. bxc3 Bxc3 14. Bb2 Bxe1
15. Qxe1 Qxd3 16. Nce5 Qd6 17. Rd1 Qc7 18. Nxc6 Qxc6 19. Ng5 Rad8 20. Rc1 Rd5
21. h4 Rfd8 22. f4 Qd7 23. Kh2 h6 24. Qc3 f6 25. Ne4 Qc7 26. Nxf6+ exf6 27. Qxf6
Kh7 28. Re1 Rf5 29. Qxe6 Qxf4+ 30. Kg1 Qf2+ 31. Kh1 Rdf8 32. Qe7+ R8f7 33. Qe8
Qxb2 {White resigns} 0-1

[Event "Team 45 45 League T65"]
[Site "Internet Chess Club"]
[Date "2015.06.21"]
[Round "3"]
[White "Constrictor"]
[Black "AVEMARIA"]
[Result "1/2-1/2"]
[WhiteElo "1578"]
[BlackElo "1629"]
[Opening "Bird's opening"]
[ECO "A03"]
[Time "15:36:18"]
[TimeControl "2700+45"]

1. f4 d5 2. Nf3 Nf6 3. b3 e6 4. e3 Be7 5. Bb2 O-O 6. d3 b6 7. Be2 Bb7 8. Nbd2
Nbd7 9. O-O Ng4 10. Qc1 Nxe3 11. Re1 c5 12. h3 Nf5 13. g4 Nh4 14. Rf1 Qc7 15.
Ne5 Nxe5 16. Bxe5 Bd6 17. Bxd6 Qxd6 18. Nf3 Nxf3+ 19. Bxf3 Rab8 20. Bg2 Rfd8 21.
Qe1 b5 22. Qh4 c4 23. Rf2 cxd3 24. cxd3 Qb6 25. Kh1 d4 26. Raf1 Bxg2+ 27. Kxg2
Qc6+ 28. Kg1 g6 29. f5 exf5 30. gxf5 Rd6 31. f6 Qe8 32. Re2 Qf8 33. Re7 Ra8 34.
Qf4 Re6 35. Rb7 Qd6 36. Qh6 Rxf6 37. Rxf6 Qxf6 38. Rxb5 Re8 39. Qd2 Qc6 40. Rb4
Qd6 41. Rc4 Qg3+ 42. Qg2 Qxd3 43. Rc2 Qe3+ 44. Kh2 Qf4+ 45. Qg3 Qxg3+ 46. Kxg3
h5 47. Rd2 Re4 48. b4 d3 49. Rxd3 Rxb4 50. Ra3 Rb7 51. Ra5 Kg7 52. h4 f6 53. a4
Kh6 54. Ra6 Kg7 55. a5 g5 56. hxg5 fxg5 57. Kh3 Rf7 58. Kg3 Rb7 59. Kh3 g4+ 60.
Kh4 Kf7 61. Kg3 Ke7 62. Kh4 Kd7 63. Kxh5 g3 64. Kh4 g2 65. Rg6 Rb5 66. Rxg2 Rxa5
67. Rc2 Kd6 68. Kg4 Kd5 69. Kf3 Ra3+ 70. Ke2 a5 71. Kd2 Kd4 72. Kc1 Rb3 73. Rb2
Rc3+ 74. Kb1 Kc4 75. Rc2 {Game drawn by mutual agreement} 1/2-1/2

[Event "Team 45 45 League T65"]
[Site "Internet Chess Club"]
[Date "2015.06.18"]
[Round "3"]
[White "tightfist"]
[Black "Hal2001"]
[Result "0-1"]
[WhiteElo "1586"]
[BlackElo "1629"]
[Opening "Robatsch defense"]
[ECO "B34"]
[Time "21:10:48"]
[TimeControl "2700+45"]

1. Nc3 g6 2. e4 Bg7 3. d4 c5 4. Nf3 cxd4 5. Nxd4 Nc6 6. Be3 d6 7. Bb5 Bd7 8. a3
a6 9. Bc4 Rc8 10. Ba2 Nf6 11. f3 Qc7 12. O-O O-O 13. Rc1 Ne5 14. Nd5 Nxd5 15.
exd5 Nc4 16. Bxc4 Qxc4 17. c3 Qxd5 18. Ne2 Qxd1 19. Rfxd1 Ba4 20. Rd5 Bb3 21.
Ra5 e5 22. Re1 Bf6 23. Nc1 Bc4 24. Ra4 Bb5 25. Rb4 Be7 26. Rb3 d5 27. Kh1 f6 28.
a4 Bc6 29. f4 e4 30. Ne2 Rf7 31. Nd4 Bc5 32. Nxc6 Bxe3 33. Rxe3 Rxc6 34. g3 f5
35. Kg2 Rfc7 36. Rb4 Rc4 37. Rxc4 dxc4 38. Re2 Rd7 39. Kf2 Kf7 40. Ke1 Ke6 41.
Rc2 Rd3 42. Ke2 Kd5 43. Rc1 a5 44. Rg1 e3 45. h4 Ke4 46. Rb1 Rd2+ 47. Kf1 Kf3
48. b4 axb4 49. cxb4 c3 50. Rc1 c2 51. Ke1 Rd1+ 52. Rxd1 cxd1=Q+ 53. Kxd1 Kf2
54. a5 e2+ 55. Kc2 e1=Q 56. Kb3 Qe6+ 57. Ka4 Qc6+ 58. Kb3 Qb5 59. Kc3 Ke3 60.
Kb3 Kd3 61. Ka3 Kc3 62. h5 Qxb4+ 63. Ka2 Qb2# {White checkmated} 0-1

[Event "Team 45 45 League T65"]
[Site "Internet Chess Club"]
[Date "2015.06.21"]
[Round "3"]
[White "Gilguli"]
[Black "Kingofknights"]
[Result "0-1"]
[WhiteElo "1410"]
[BlackElo "1568"]
[Opening "Caro-Kann: Rasa-Studier gambit"]
[ECO "B15"]
[Time "14:30:33"]
[TimeControl "2700+45"]

1. e4 c6 2. d4 d5 3. Nc3 dxe4 4. f3 Nf6 5. Bg5 Nd5 6. Nxe4 h6 7. Bh4 Ne3 8. Qe2
Nxf1 9. Qxf1 Qb6 10. O-O-O Be6 11. Kb1 Nd7 12. Ne2 Nf6 13. Nxf6+ exf6 14. Nc3
Bb4 15. Qd3 O-O 16. Bf2 Rfd8 17. Rhe1 Ba3 18. Na4 Qb4 19. Qxa3 Qxa3 20. bxa3 b6
21. Nc3 Rd7 22. Ne4 Rad8 23. c3 Bc4 24. Ng3 g6 25. Ne4 Kg7 26. f4 c5 27. f5 Bd5
28. fxg6 fxg6 29. Bh4 g5 30. Bf2 f5 31. Ng3 f4 32. Nf5+ Kh7 33. h4 Rf8 34. Re7+
Rf7 35. Rxd7 Rxd7 36. Re1 Bxg2 37. Re7+ Rxe7 38. Nxe7 g4 39. Nf5 Kg6 40. Ne7+
Kf6 41. Ng8+ Kg7 42. Ne7 Kf7 43. Nf5 Be4+ 44. Kc1 Bxf5 45. dxc5 bxc5 46. Bxc5 a6
47. Kd2 Ke6 48. Ke2 h5 49. Kf2 Kd5 50. Bd4 Bb1 51. Ke2 Bxa2 52. Kd2 Bc4 53. Ke1
Ke4 54. Kd2 Kf3 55. Ke1 g3 56. Bc5 Kg4 57. Be7 f3 58. Bc5 Kxh4 59. Bd4 {White
resigns} 0-1

[Event "Team 45 45 League T65"]
[Site "Internet Chess Club"]
[Date "2015.06.19"]
[Round "3"]
[White "zap2"]
[Black "tryanything"]
[Result "0-1"]
[WhiteElo "1728"]
[BlackElo "1640"]
[Opening "Réti: King's Indian attack (Barcza system)"]
[ECO "A07"]
[Time "05:01:59"]
[TimeControl "2700+45"]

1. g3 d5 2. Nf3 Nf6 3. Bg2 g6 4. O-O Bg7 5. d3 O-O 6. Nbd2 Re8 7. e4 dxe4 8.
dxe4 e5 9. Qe2 Nc6 10. c3 Bd7 11. Rd1 Qc8 12. Nc4 Bh3 13. Bh1 Bg4 14. Bg5 h6 15.
Bxf6 Bxf6 16. Ne3 Be6 17. Nd5 Bg7 18. Nd2 a6 19. a4 Ne7 20. Nf1 Bxd5 21. exd5
Rd8 22. Ne3 Nf5 23. Nc4 f6 24. Be4 Kh7 25. Qc2 Ne7 26. d6 cxd6 27. Rxd6 Qxc4 28.
Bxb7 Rxd6 29. Bxa8 Qc8 30. Bg2 f5 31. b4 e4 32. Rc1 Nd5 33. c4 Nxb4 34. Qb3 a5
35. c5 Rc6 36. Qc4 Nd3 37. Rb1 Rxc5 38. Qf7 Rc1+ 39. Rxc1 Qxc1+ 40. Bf1 Qc2 41.
Qa7 Qxa4 42. h4 Nxf2 43. h5 Ng4 44. hxg6+ Kxg6 45. Qa6+ Bf6 46. Kh1 Qc2 47. Be2
Qc1+ 48. Kg2 Qd2 49. Kh3 h5 50. Qb5 Qd8 51. Kg2 Ne3+ 52. Kh3 Nd5 53. Qb3 a4 54.
Qd1 Nc3 55. Bxh5+ Kg5 56. Qc1+ Kxh5 57. Qd2 Qxd2 58. g4+ fxg4+ 59. Kg3 Be5#
{White checkmated} 0-1

[Event "Team 45 45 League T65"]
[Site "Internet Chess Club"]
[Date "2015.06.19"]
[Round "3"]
[White "lilith"]
[Black "BJJ"]
[Result "1-0"]
[WhiteElo "1590"]
[BlackElo "1483"]
[Opening "Queen's pawn: Torre attack"]
[ECO "A46"]
[Time "20:14:45"]
[TimeControl "2700+45"]

1. d4 Nf6 2. Nf3 e6 3. Bg5 Be7 4. Nbd2 O-O 5. e3 b6 6. Bd3 Bb7 7. O-O Na6 8. c3
c5 9. Qc2 g6 10. Bh6 Re8 11. h3 Bf8 12. Bxf8 Rxf8 13. e4 Nc7 14. Rfe1 cxd4 15.
cxd4 Rc8 16. Qb3 Nce8 17. Rac1 Ng7 18. Qa3 a5 19. Bb1 Re8 20. Nc4 Rc6 21. Nd6
Rxc1 22. Rxc1 Qa8 23. Nxe8 Ngxe8 24. Qe3 Qb8 25. e5 Nh5 26. Be4 Kg7 27. g4 Bxe4
28. Qxe4 f5 29. gxf5 exf5 30. Qd5 Qd8 31. e6 d6 32. Qb7+ Kh6 33. e7 Qxe7 34.
Qxe7 Nef6 35. Qf8+ Ng7 36. Qxf6 Nh5 37. Qf8+ Ng7 38. Rc7 g5 39. Qxg7+ Kh5 40.
Qxh7# {Black checkmated} 1-0

[Event "Team 45 45 League T65"]
[Site "Internet Chess Club"]
[Date "2015.06.17"]
[Round "3"]
[White "KidRattler"]
[Black "ShadowKing"]
[Result "1-0"]
[WhiteElo "1555"]
[BlackElo "1410"]
[Opening "Benko's opening"]
[ECO "A00"]
[Time "16:18:07"]
[TimeControl "2700+45"]

1. g3 e5 2. Bg2 Nf6 3. Nc3 Bc5 4. e3 Nc6 5. Nge2 O-O 6. O-O Re8 7. Re1 d5 8. d4
exd4 9. exd4 Bb4 10. Be3 Ne4 11. Bxe4 dxe4 12. d5 Bxc3 13. Nxc3 Ne7 14. Bc5 b6
15. Bxe7 Rxe7 16. Rxe4 Bb7 17. Rxe7 Qxe7 18. Qe1 Qc5 19. Qe3 Qc4 20. Re1 g6 21.
Qe4 Qxe4 22. Rxe4 Rd8 23. Re7 Bxd5 24. Nxd5 Rxd5 25. Rxc7 a5 26. Rc3 Kf8 27. Rd3
Rc5 28. c3 Ke7 29. Kf1 Ke6 30. Ke2 Rd5 31. Rxd5 Kxd5 32. Kd3 f5 33. f3 b5 34. b3
Kc5 35. h4 h5 36. f4 Kd5 37. c4+ bxc4+ 38. bxc4+ Kc5 39. Kc3 a4 40. a3 Kc6 41.
Kd4 Kc7 42. Kc5 Kd7 43. Kb6 Kd6 44. c5+ Kd5 45. c6 Ke4 46. c7 Kf3 47. c8=Q Kxg3
48. Qg8 Kxf4 49. Qxg6 Ke4 50. Qxh5 f4 51. Ka5 Ke3 52. Kxa4 f3 53. Qxf3+ Kxf3 54.
Kb5 Kg4 55. a4 Kxh4 56. a5 {Black resigns} 1-0

[Event "Team 45 45 League T65"]
[Site "Internet Chess Club"]
[Date "2015.06.20"]
[Round "3"]
[White "Fogbound"]
[Black "bhandelman"]
[Result "1-0"]
[WhiteElo "1285"]
[BlackElo "1140"]
[Opening "Queen's bishop game"]
[ECO "D00"]
[Time "08:00:27"]
[TimeControl "2700+45"]

1. d4 d5 2. Bf4 Nf6 3. Nf3 c5 4. e3 Bf5 5. Be2 Qb6 6. Qc1 e6 7. O-O g6 8. Na3 a6
9. c4 Bg7 10. Nh4 O-O 11. Nxf5 exf5 12. Bf3 Qd8 13. Rd1 Nc6 14. Bg5 Re8 15. cxd5
Nb4 16. dxc5 Qa5 17. d6 Nc6 18. Bxf6 Bxf6 19. Bd5 Qb4 20. Rb1 Bxb2 21. Rxb2 Qxa3
22. Qb1 Qxc5 23. Rxb7 Ra7 24. Bxf7+ Kf8 25. Bxe8 Kxe8 26. d7+ Kd8 27. Rb8+ Ke7
28. Re8+ Kf7 29. Qb3+ Kg7 30. d8=Q Nxd8 31. Rexd8 Qa5 32. R8d4 Rc7 33. h3 h5 34.
Rd7+ Kh6 35. Rxc7 Qxc7 36. Qd3 a5 37. Qd4 Qc2 38. Qf4+ g5 39. Qd6+ Kg7 40. Qd7+
Kf6 41. Rd6+ Ke5 42. Qe7# {Black checkmated} 1-0

[Event "Team 45 45 League T65"]
[Site "Internet Chess Club"]
[Date "2015.06.20"]
[Round "3"]
[White "Tjet"]
[Black "AVEMARIA"]
[Result "0-1"]
[WhiteElo "1535"]
[BlackElo "1632"]
[Opening "English: symmetrical variation"]
[ECO "A30"]
[Time "18:00:52"]
[TimeControl "2700+45"]

1. c4 c5 2. g3 Nf6 3. Bg2 Nc6 4. Nc3 e6 5. Nf3 Be7 6. O-O O-O 7. d4 cxd4 8. Nxd4
a6 9. Nxc6 dxc6 10. Bg5 h6 11. Bxf6 Bxf6 12. Qxd8 Rxd8 13. Rfd1 Bd7 14. Ne4 Be7
15. Rd3 e5 16. Rad1 Be6 17. Rxd8+ Rxd8 18. Rxd8+ Bxd8 19. b3 Be7 20. c5 f5 21.
Nd6 Bxd6 22. cxd6 Kf8 23. Bh3 Ke8 24. e4 g6 25. exf5 gxf5 26. f3 Kd7 27. g4 fxg4
28. Bxg4 Kxd6 29. Kf2 a5 30. Ke3 b5 31. Bxe6 Kxe6 32. Ke4 c5 33. f4 exf4 34.
Kxf4 Kd5 35. Ke3 c4 36. bxc4+ bxc4 37. Kd2 Kd4 38. h4 h5 39. a4 c3+ 40. Kc2 Kc4
41. Kc1 Kb3 42. Kb1 Kxa4 43. Kc2 Kb4 44. Kc1 a4 45. Kb1 Kb3 46. Ka1 Kc4 47. Kb1
Kd3 48. Kc1 a3 49. Kb1 Kd2 50. Ka1 c2 51. Ka2 c1=Q {White resigns} 0-1

[Event "Team 45 45 League T65"]
[Site "Internet Chess Club"]
[Date "2015.06.19"]
[Round "3"]
[White "Chess4Him"]
[Black "seanmurphy"]
[Result "1-0"]
[WhiteElo "1541"]
[BlackElo "1328"]
[Opening "Queen's pawn, Mason variation"]
[ECO "D00"]
[Time "11:00:15"]
[TimeControl "2700+45"]

1. d4 d5 2. Bf4 b6 3. e3 c5 4. c3 Bd7 5. Nf3 Nc6 6. Nbd2 e6 7. Bd3 Nge7 8. Qc2
Ng6 9. Bg3 Be7 10. h4 O-O 11. h5 c4 12. Bxc4 dxc4 13. hxg6 hxg6 14. Nxc4 Rc8 15.
Nd6 Nb4 16. Qb3 Nd3+ 17. Ke2 Rc6 18. Kxd3 Bxd6 19. Ne5 Bxe5 20. Bxe5 f6 21. Bg3
Rf7 22. Rh2 Kf8 23. Rh8+ Ke7 24. Rxd8 Kxd8 25. Rh1 Re7 26. Qa3 e5 27. Rh8+ Kc7
28. Qxa7+ Kd6 29. dxe5+ fxe5 30. Qb8+ Rc7 31. Qxb6+ Bc6 32. Rd8+ Red7 33. Rxd7+
Rxd7 34. Kc2 Kd5 35. e4+ Kd6 36. Qd4+ Ke6 37. Qxe5+ Kf7 38. b3 Re7 39. Qf4+ Kg8
40. e5 Bxg2 41. Qg5 Bh3 42. Qxe7 Bf5+ 43. Kb2 {Black resigns} 1-0

[Event "Team 45 45 League T65"]
[Site "Internet Chess Club"]
[Date "2015.06.21"]
[Round "3"]
[White "houseofcook"]
[Black "Ostap-Bender"]
[Result "1-0"]
[WhiteElo "1406"]
[BlackElo "1429"]
[Opening "Sicilian defense"]
[ECO "B41"]
[Time "09:00:30"]
[TimeControl "2700+45"]

1. e4 c5 2. Nf3 e6 3. d4 cxd4 4. c3 Nc6 5. cxd4 d5 6. e5 Nge7 7. Bd3 Ng6 8. O-O
Be7 9. Nc3 O-O 10. a3 a6 11. b4 b5 12. Bd2 Qb6 13. Ne2 Bb7 14. Rc1 Rfc8 15. Rc2
a5 16. Qb1 axb4 17. axb4 Ra4 18. Rb2 Rca8 19. Rb3 Qa6 20. Bc3 Ra2 21. Nc1 Ra4
22. g3 Qb6 23. Qc2 Bxb4 24. Qd2 Bxc3 25. Qxc3 b4 26. Qd2 Nxd4 27. Nxd4 Qxd4 28.
Ne2 Qxe5 29. Rfb1 Qd6 30. Bb5 Ra1 31. Rxb4 Rxb1+ 32. Rxb1 Ba6 33. Qa5 Qb8 34.
Bd3 Qa7 35. Bxa6 Qxa6 36. Rb8+ Nf8 37. Rxa8 {Black resigns} 1-0

[Event "Team 45 45 League T65"]
[Site "Internet Chess Club"]
[Date "2015.06.19"]
[Round "3"]
[White "santiagoelawad"]
[Black "MikeTtheGuru"]
[Result "1-0"]
[WhiteElo "2095"]
[BlackElo "1806"]
[Opening "English: Carls' Bremen system"]
[ECO "A22"]
[Time "09:12:33"]
[TimeControl "2700+45"]

1. c4 Nf6 2. Nc3 e5 3. g3 Nc6 4. Bg2 Bc5 5. Nf3 d6 6. d3 h6 7. O-O O-O 8. a3 a5
9. Nd5 Bg4 10. h3 Bd7 11. Bd2 Nd4 12. Nxd4 exd4 13. b4 Nxd5 14. bxc5 Ne7 15.
cxd6 cxd6 16. Rb1 Bc6 17. Qb3 Qc7 18. Qb6 Qxb6 19. Rxb6 d5 20. c5 f5 21. f4 Nc8
22. Rb2 Re8 23. Be1 Ne7 24. Bf2 Ng6 25. Bxd4 Nf8 26. Be5 Nd7 27. d4 Kf7 28. Rfb1
Ra7 29. Kf2 g6 30. e3 Nf6 31. Bxf6 Kxf6 32. Rb6 Ke7 33. Bf1 Kd7 34. Bd3 Rg8 35.
g4 fxg4 36. hxg4 Raa8 37. Rh1 g5 38. Bf5+ {Black resigns} 1-0

[Event "Team 45 45 League T65"]
[Site "Internet Chess Club"]
[Date "2015.06.23"]
[Round "3"]
[White "jjimalo"]
[Black "primerpaso"]
[Result "1-0"]
[WhiteElo "1920"]
[BlackElo "1826"]
[Opening "QGD: 4.Nf3"]
[ECO "D37"]
[Time "11:10:43"]
[TimeControl "2700+45"]

1. d4 Nf6 2. Nf3 d5 3. c4 e6 4. Nc3 Be7 5. g3 O-O 6. Bg2 Na6 7. O-O b6 8. Ne5
Bb7 9. b3 c5 10. Bb2 Rc8 11. e3 Qd6 12. Nb5 Qb8 13. cxd5 exd5 14. Qe2 Rfd8 15.
Bh3 Ne4 16. dxc5 bxc5 17. Qh5 g6 18. Nxg6 Bf6 19. Ne5 Rc7 20. Nxc7 Qxc7 21. Bf5
h6 22. Qxh6 Bg7 23. Qh7+ Kf8 24. Nd7+ Ke7 25. Qxg7 Rxd7 26. Bxd7 Qxd7 27. f3 Nd6
28. Bf6+ Ke6 29. Qg4+ Nf5 30. Bb2 {Black resigns} 1-0

[Event "Team 45 45 League T65"]
[Site "Internet Chess Club"]
[Date "2015.06.19"]
[Round "3"]
[White "frank001"]
[Black "pishd"]
[Result "1-0"]
[WhiteElo "1769"]
[BlackElo "1779"]
[Opening "French: Rubinstein variation"]
[ECO "C03"]
[Time "08:08:33"]
[TimeControl "2700+45"]

1. e4 e6 2. d4 d5 3. Nd2 dxe4 4. Nxe4 Nd7 5. Nf3 Ngf6 6. Bd3 c5 7. O-O Nxe4 8.
Bxe4 Nf6 9. Bg5 cxd4 10. Nxd4 Be7 11. Bf3 O-O 12. Qd3 Qb6 13. Rad1 h6 14. Be3
Rd8 15. Qc3 Qb4 16. Qxb4 Bxb4 17. Nb5 Rxd1 18. Rxd1 a6 19. Rd8+ Kh7 20. Nc7 Be7
21. Rd1 Nd5 22. Bxd5 exd5 23. Nxa8 {Black resigns} 1-0

[Event "Team 45 45 League T65"]
[Site "Internet Chess Club"]
[Date "2015.06.17"]
[Round "3"]
[White "Bleddyn"]
[Black "Portola"]
[Result "1-0"]
[WhiteElo "1564"]
[BlackElo "1772"]
[Opening "French: Tarrasch"]
[ECO "C03"]
[Time "15:00:42"]
[TimeControl "2700+45"]

1. e4 e6 2. d4 d5 3. Nd2 dxe4 4. Nxe4 Be7 5. Nf3 Nf6 6. Bd3 Nbd7 7. Qe2 c5 8.
dxc5 Nxc5 9. Nxc5 Bxc5 10. Bg5 O-O 11. O-O-O Qe7 12. h4 Bb6 13. Ne5 Rd8 14. g4
Rd4 15. Be3 Ra4 16. g5 Nd5 17. Bxh7+ Kf8 18. Qf3 Ke8 19. Bg8 Bd7 20. Bxf7+ Kd8
21. g6 Bxe3+ 22. fxe3 Rxa2 23. Kb1 Rxb2+ 24. Kxb2 Qb4+ 25. Kc1 Qa3+ 26. Kd2 Qc3+
27. Ke2 Qxe5 28. Rxd5 Qxd5 29. Qxd5 exd5 30. Bxd5 Bb5+ 31. c4 Bd7 32. Rf1 Be8
33. Bxb7 Rb8 34. Bd5 Rb2+ 35. Kd3 Bxg6+ 36. Kc3 Re2 37. Kd4 Ke7 38. Ra1 Rd2+ 39.
Ke5 Re2 40. Rxa7+ Kd8 41. Kd6 Bf5 42. Rxg7 Rxe3 43. Rg8+ Re8 44. h5 Rxg8 45.
Bxg8 Ke8 46. h6 Kf8 47. h7 Kg7 48. c5 Be4 49. Bd5 Bf5 50. c6 Kxh7 51. c7 Bc8 52.
Be6 Ba6 53. Kc5 {Black resigns} 1-0

[Event "Team 45 45 League T65"]
[Site "Internet Chess Club"]
[Date "2015.06.19"]
[Round "3"]
[White "TerryMalloy"]
[Black "sharky123"]
[Result "1-0"]
[WhiteElo "1999"]
[BlackElo "1822"]
[Opening "Caro-Kann: classical variation"]
[ECO "B18"]
[Time "19:04:35"]
[TimeControl "2700+45"]

1. e4 c6 2. d4 d5 3. Nd2 dxe4 4. Nxe4 Bf5 5. Ng3 Bg6 6. N1e2 e6 7. Nf4 Bd6 8.
Bc4 Nf6 9. c3 Nbd7 10. O-O Nb6 11. Bb3 Nbd5 12. Nxg6 hxg6 13. Qf3 Qc7 14. Re1
O-O-O 15. a4 Nh5 16. c4 Ndf6 17. Be3 Rh7 18. a5 Rdh8 19. h3 Nxg3 20. fxg3 Bxg3
21. Rf1 Rh5 22. a6 b6 23. Ba4 g5 24. Qxc6 Qxc6 25. Bxc6 g4 26. c5 bxc5 27. Rfc1
gxh3 28. Bf3 Rf5 29. Rxc5+ Rxc5 30. dxc5 hxg2 31. Kxg2 Bb8 32. Bb7+ Kd7 33. Rd1+
Ke7 34. b4 Rh2+ 35. Kf3 Rh3+ 36. Ke2 Ng4 37. Bg1 Ne5 38. b5 Rb3 39. b6 Nd7 40.
Bc8 Ne5 41. Bd4 Ng6 42. Be3 Ne5 43. Bf4 Rb2+ 44. Rd2 Rxd2+ 45. Kxd2 Nc4+ 46. Kc3
e5 47. Bh2 Na5 48. Kb4 Nc6+ 49. Kb5 Nd4+ 50. Kc4 f6 51. Kd5 Nb5 52. Kc6 axb6 53.
cxb6 Na7+ 54. Kb7 Nxc8 55. Kxc8 e4 56. Kxb8 e3 57. a7 e2 58. Bg3 f5 59. a8=Q f4
60. Qe4+ Kd7 61. Qxf4 {Black resigns} 1-0

[Event "Team 45 45 League T65"]
[Site "Internet Chess Club"]
[Date "2015.06.18"]
[Round "3"]
[White "Holzschlange"]
[Black "Gojira"]
[Result "1-0"]
[WhiteElo "1820"]
[BlackElo "1706"]
[Opening "Queen's pawn game"]
[ECO "D02"]
[Time "18:30:39"]
[TimeControl "2700+45"]

1. Nf3 d5 2. d4 Bf5 3. c4 c6 4. Qb3 b6 5. Nc3 e6 6. Bg5 Be7 7. Bxe7 Qxe7 8. e3
h6 9. Qa4 Nf6 10. Ne5 Qd6 11. Rc1 O-O 12. Be2 Nfd7 13. cxd5 cxd5 14. Nb5 Qe7 15.
Nc7 Rc8 16. O-O Nc5 17. Nxa8 Nxa4 18. Rxc8+ Kh7 19. Rxb8 f6 20. Nd3 Qd6 21. Rc8
e5 22. Rc7 Bxd3 23. Bxd3+ e4 24. Be2 Nxb2 25. Rfc1 Qb4 26. h4 a5 27. h5 Qa3 28.
R1c6 Nd3 29. Bg4 f5 30. Bxf5+ Kg8 31. Bg6 Qb2 32. Rc8# {Black checkmated} 1-0

[Event "Team 45 45 League T65"]
[Site "Internet Chess Club"]
[Date "2015.06.23"]
[Round "3"]
[White "Chess-Boy"]
[Black "Konstantinos"]
[Result "1/2-1/2"]
[WhiteElo "1614"]
[BlackElo "1647"]
[Opening "Bird's opening"]
[ECO "A03"]
[Time "02:04:25"]
[TimeControl "2700+45"]

1. f4 d5 2. Nf3 Nf6 3. g3 Nc6 4. Bg2 g6 5. O-O Bg7 6. d3 O-O 7. Qe1 Re8 8. e4
dxe4 9. dxe4 Nd4 10. c3 Nc2 11. Qe2 Nxa1 12. Na3 c6 13. e5 Nd5 14. Be3 Qa5 15.
Rxa1 Nxc3 16. Qd2 Bf5 17. Qxc3 Qxc3 18. bxc3 Red8 19. Nd4 e6 20. Nxf5 gxf5 21.
Bc5 Bf8 22. Bxf8 Kxf8 23. Nc4 Rd3 24. Nd6 Rxc3 25. Nxb7 Rb8 26. Rb1 Rc2 27. a4
a5 28. Rb6 Rc1+ 29. Kf2 Rc2+ 30. Kg1 Rc1+ 31. Kf2 Rc2+ 32. Kg1 {Game drawn by
repetition} 1/2-1/2

[Event "Team 45 45 League T65"]
[Site "Internet Chess Club"]
[Date "2015.06.18"]
[Round "3"]
[White "tryanything"]
[Black "losscause"]
[Result "1/2-1/2"]
[WhiteElo "1618"]
[BlackElo "1654"]
[Opening "Caro-Kann: exchange variation"]
[ECO "B13"]
[Time "19:30:04"]
[TimeControl "2700+45"]

1. e4 c6 2. d4 d5 3. exd5 cxd5 4. c3 Bf5 5. Bf4 Nc6 6. Nf3 Nf6 7. Bd3 Bxd3 8.
Qxd3 e6 9. Nbd2 Be7 10. O-O Nh5 11. Be3 Bd6 12. a3 Nf4 13. Bxf4 Bxf4 14. Rfe1
O-O 15. Nf1 Re8 16. g3 Bd6 17. Ne5 Bxe5 18. dxe5 f6 19. exf6 Qxf6 20. f4 Rad8
21. Ne3 d4 22. Ng4 Qf7 23. Ne5 Nxe5 24. Rxe5 dxc3 25. Qxc3 Rd6 26. Rae1 Red8 27.
Qb3 Rb6 28. Rb5 Rdd6 {Game drawn by mutual agreement} 1/2-1/2

[Event "Team 45 45 League T65"]
[Site "Internet Chess Club"]
[Date "2015.06.21"]
[Round "3"]
[White "ANGELLR"]
[Black "NAS"]
[Result "1-0"]
[WhiteElo "1935"]
[BlackElo "1773"]
[Opening "QGD: Orthodox defense, Bd3 line, fianchetto variation"]
[ECO "D66"]
[Time "16:00:26"]
[TimeControl "2700+45"]

1. d4 d5 2. Nf3 Nf6 3. c4 e6 4. Nc3 c6 5. Bg5 Nbd7 6. e3 Be7 7. Rc1 O-O 8. Bd3
dxc4 9. Bxc4 b5 10. Bd3 Bb7 11. O-O a6 12. a4 Nd5 13. Bxe7 Qxe7 14. Ne4 e5 15.
dxe5 Nxe5 16. Nxe5 Qxe5 17. Nc5 Bc8 18. Qe2 Re8 19. Rfe1 Bf5 20. Bxf5 Qxf5 21.
Qc2 Qxc2 22. Rxc2 Nb4 23. Rd2 Rad8 24. Red1 Rxd2 25. Rxd2 Kf8 26. Kf1 f6 27. Rd4
Kf7 28. Rxb4 {Black resigns} 1-0

[Event "Team 45 45 League T65"]
[Site "Internet Chess Club"]
[Date "2015.06.19"]
[Round "3"]
[White "LooneyBinJim"]
[Black "VictorRed"]
[Result "1/2-1/2"]
[WhiteElo "1901"]
[BlackElo "1825"]
[Opening "Sicilian: Hungarian variation"]
[ECO "B27"]
[Time "22:00:37"]
[TimeControl "2700+45"]

1. e4 c5 2. Nf3 g6 3. d4 cxd4 4. Qxd4 Nf6 5. Bb5 a6 6. e5 axb5 7. exf6 e6 8. b3
Nc6 9. Qf4 Nb4 10. Nd4 Nd5 11. Qf3 Qxf6 12. Qxf6 Nxf6 13. Nxb5 Bb4+ 14. Bd2
Bxd2+ 15. Nxd2 Ke7 16. a4 {Game drawn by mutual agreement} 1/2-1/2